 Dungeon Crawl Stone Soup version 0.27.0-1-g7a089689b8 (webtiles) character file.

Game seed: 2929780797913372378

67 ZARRMARR the Stinger (level 4, -1/33 HPs)
             Began as a Draconian Venom Mage on Aug 4, 2021.
             Slain by a gnoll (2 damage)
             ... on level 1 of the Dungeon.
             The game lasted 00:07:48 (1894 turns).

ZARRMARR the Stinger (Draconian Venom Mage)         Turns: 1894, Time: 00:07:49

Health: -1/33      AC:  5    Str: 11    XL:     4   Next: 0%
Magic:  6/7        EV: 12    Int: 16    God:
Gold:   12         SH:  0    Dex: 11    Spells: 7/8 levels left

rFire    . . .     SeeInvis .   a - +0 dagger
rCold    . . .     Faith    .   (no shield)
rNeg     . . .     Spirit   .   (armour unavailable)
rPois    .         Reflect  .   (helmet restricted)
rElec    .         Harm     .   (no cloak)
rCorr    .         Rampage  .   (no gloves)
Will     .....                  (no boots)
Stlth    ++........             h - amulet of magic regeneration
HPRegen  0.11/turn              (no ring)
MPRegen  0.35/turn              (no ring)

@: no status effects
A: AC +5, unfitting armour, cold-blooded
a: no special abilities


You were on level 1 of the Dungeon.
You visited 1 branch of the dungeon, and saw 2 of its levels.

You collected 12 gold pieces.

Inventory:

Hand Weapons
 a - a +0 dagger (weapon)
Missiles
 f - 7 boomerangs (quivered)
Jewellery
 h - an amulet of magic regeneration (around neck)
Scrolls
 b - a scroll of teleportation
 c - 2 scrolls of identify {unknown}
 i - a scroll of acquirement {unknown}
Potions
 d - a potion of heal wounds {unknown}
 e - 2 potions of curing {unknown}
 g - a potion of brilliance {unknown}


   Skills:
 + Level 0.2 Short Blades
 + Level 0.5 Throwing
 + Level 2.3 Dodging
 + Level 1.9 Stealth
 + Level 2.5 Spellcasting
 + Level 2.1 Transmutations
 + Level 3.3 Poison Magic


You had 7 spell levels left.
You knew the following spells:

 Your Spells              Type           Power      Damage    Failure   Level
a - Sting                 Tmut/Pois      40%        1d5       6%          1

Your spell library contained the following spells:

 Spells                   Type           Power      Damage    Failure   Level
 Poisonous Vapours        Pois/Air       14%        N/A       16%         2
 Ignite Poison            Fire/Tmut/Pois 7%         N/A       28%         3
 Mephitic Cloud           Conj/Pois/Air  5%         N/A       36%         3
 Olgreb's Toxic Radiance  Pois           12%        N/A       43%         4
 Conjure Flame            Conj/Fire      2%         6-21      52%         3
 Sticky Flame             Conj/Fire      2%         2d3       89%         4


Dungeon Overview and Level Annotations

Branches:
Dungeon (2/15)

Altars:


Innate Abilities, Weirdness & Mutations

Your plain brown scales are hard. (AC +5)
You cannot fit into any form of body armour.
You are cold-blooded and may be slowed by cold attacks.


Message History

You have reached level 4!
You feel stronger.
Casting: Sting (safe; 6% risk of failure)
Confirm with . or Enter, or press ? or * to list all spells.
Aiming: Sting (safe; 6% risk of failure)
Press: ? - help, Shift-Dir - straight line, f/p - gnoll
Aim: a gnoll, wielding a +4 vorpal flail (moderately wounded, 75% to hit)
You miscast Sting.
You are very lightly contaminated with residual magic.
Nothing appears to happen.
Casting: Sting (safe; 6% risk of failure)
Confirm with . or Enter, or press ? or * to list all spells.
Aiming: Sting (safe; 6% risk of failure)
Press: ? - help, Shift-Dir - straight line, f/p - gnoll
Aim: a gnoll, wielding a +4 vorpal flail (moderately wounded, 75% to hit)
The sting misses the gnoll.
The sting hits the gnoll.
The gnoll is poisoned.
The gnoll is lightly wounded.
The gnoll closely misses you.
There is a stone staircase leading up here.
Your magical contamination has completely faded away.
You climb upwards.
There is a stone staircase leading down here.
You hit the gnoll.
The gnoll is heavily wounded.
The gnoll hits you with a +4 vorpal flail!
You hit the gnoll but do no damage.
The gnoll is heavily wounded.
The gnoll hits you with a +4 vorpal flail.
* * * LOW HITPOINT WARNING * * *
x2
Casting: Sting (safe; 6% risk of failure)
Confirm with . or Enter, or press ? or * to list all spells.
Aiming: Sting (safe; 6% risk of failure)
Press: ? - help, Shift-Dir - straight line, f - gnoll
Aim: a gnoll, wielding a +4 vorpal flail (heavily wounded, 75% to hit)
The sting hits the gnoll but does no damage.
The gnoll is poisoned.
The gnoll is heavily wounded.
The gnoll hits you with a +4 vorpal flail.
* * * LOW HITPOINT WARNING * * *
You die...

#.#....♣.P≈≈≈P.♣.###.######
#.#....♣.PPPPP.♣..........#
#.#....♣.......♣..........#
###.#..#.♣♣♣♣♣♣♣♣♣..........#
.......................######
###.##########...##....# #.#####
##..##....#
###.....#######..##....#
...............g@##....#
#######..........#####.#
#............#.......#
#.#.#######.......############
#.#......##..................#
#.###.##.##.......#......)...#
#........##.......#..........#
#######....##.......#####.######
....................# #.#


You could see a gnoll (poisoned).

Vanquished Creatures
  A gnoll (D:2)
  An adder (D:2)
  4 endoplasms (D:1)
  A giant cockroach (D:2)
  6 goblins
  A hobgoblin (D:1)
  6 jackals (D:1)
  3 kobolds
  5 quokkas
  8 ball pythons (D:1)
  3 bats
  4 frilled lizards
  A rat (D:1)
44 creatures vanquished.

Notes
Turn   | Place    | Note
-------+----------+-------------------------------------------
     0 | D:1      | ZARRMARR the Draconian Venom Mage began the quest for the
                  | Orb.
     0 | D:1      | Reached XP level 1. HP: 14/14 MP: 3/3
   122 | D:1      | Reached XP level 2. HP: 15/20 MP: 0/5
  1095 | D:1      | Reached XP level 3. HP: 17/26 MP: 2/6
  1884 | D:2      | Reached XP level 4. HP: 20/33 MP: 7/7
  1894 | D:1      | HP: 1/33 [gnoll (5)]
  1894 | D:1      | Slain by a gnoll

Illustrated notes

Levels and vault maps discovered:
D:1:      tarquinn_simple_flora_water_a, layout_basic, minmay_hexomino_c4
D:2:      layout_basic, basic_altar, minmay_misc_feat_ornament

Skill      XL: |  1  2  3 |
---------------+----------+-----
Dodging        | 2 |  2.3
Transmutations | 2 |  2.1
Short Blades   | |  0.2
Throwing       | |  0.5
Stealth        | |  1.9
Spellcasting   | |  2.5
Poison Magic   | |  3.3

Action                   |  1- 3 |  4- 6 || total
-------------------------+-------+-------++-------
Melee: Unarmed           |    25 |       ||    25
       Dagger            |    47 |     2 ||    49
       Tailslap          |     6 |       ||     6
Throw: Boomerang         |    26 |       ||    26
 Cast: Sting             |    48 |     2 ||    50
  Use: Scroll            |     1 |       ||     1
Armor: Skin              |    28 |       ||    28
Dodge: Dodged            |    55 |     1 ||    56
